 Dungeon Crawl Stone Soup version 0.23.1-37-gaa34b87b72 (webtiles) character file.

Game seed: 12797104450933890207

18649 GGGomer the Severer (level 12, -5/106 HPs)
             Began as a Hill Orc Fighter on Mar 21, 2019.
             Was a High Priest of Nemelex Xobeh.
             Killed by divine providence
             ... invoked by a meliai
              (16 damage)
             ... on level 13 of the Dungeon.
             The game lasted 01:01:05 (15701 turns).

GGGomer the Severer (Hill Orc Fighter)             Turns: 15701, Time: 01:01:06

Health: -5/106     AC: 24    Str: 27    XL:     12   Next: 60%
Magic:  12/12      EV: 11    Int:  8    God:    Nemelex Xobeh [*****.]
Gold:   669        SH:  0    Dex: 10    Spells: 11/11 levels left

rFire    x . .     SeeInvis .   k - +0 battleaxe
rCold    + + .     Gourm    .   (shield currently unavailable)
rNeg     . . .     Faith    +   M - +2 ice dragon scales
rPois    .         Spirit   .   (no helmet)
rElec    .         Reflect  .   L - +0 cloak of Servitude {Regen+}
rCorr    .         Harm     .   w - +2 pair of gloves {Str+3}
MR       +....                  b - +0 pair of boots
Stlth    ..........             x - amulet of faith
HPRegen  0.67/turn              I - ring of protection from magic
MPRegen  0.13/turn              U - +3 ring of protection

@: no status effects
A: no striking features
a: Draw Escape, Draw Destruction, Draw Summoning, Triple Draw, Deal Four, Stack
Five, Renounce Religion


You were on level 13 of the Dungeon.
You worshipped Nemelex Xobeh.
Nemelex Xobeh was extremely pleased with you.
You were hungry.

You visited 3 branches of the dungeon, and saw 15 of its levels.
You also visited: Ossuary and Bailey.

You collected 970 gold pieces.
You spent 301 gold pieces at shops.

Inventory:

Hand Weapons
 k - a +0 battleaxe (weapon)
 T - a +1 war axe of flaming
Armour
 b - a +0 pair of boots (worn)
 w - a +2 pair of gloves of strength (worn)
 z - a +0 shield
 L - the +0 cloak of Servitude (worn) {Regen+}
   (You found it in a bailey)

   It increases your rate of regeneration.
 M - +2 ice dragon scales (worn)
Jewellery
 i - an uncursed ring of protection from fire
 x - an amulet of faith (around neck)
 A - an uncursed ring of protection from fire
 B - an uncursed ring of ice
 I - a ring of protection from magic (left hand)
 U - a +3 ring of protection (right hand)
Wands
 a - a wand of enslavement (4)
 c - a wand of polymorph (8)
 g - a wand of random effects (23)
 r - a wand of iceblast (13)
 H - a wand of digging (3)
 J - a wand of flame (46)
 N - a wand of paralysis (20)
 R - a wand of acid (15)
Scrolls
 h - 2 scrolls of blinking
 n - 3 scrolls of teleportation
 p - 3 scrolls of magic mapping
 u - 6 scrolls of amnesia
 y - 5 scrolls of fog
 F - a scroll of remove curse
 G - 3 scrolls of enchant armour
Potions
 d - 2 potions of might
 e - 3 potions of flight
 j - 3 potions of haste
 l - 2 potions of brilliance
 o - 2 potions of degeneration
 q - 2 potions of magic
 s - 6 potions of curing
 t - a potion of lignification
 v - a potion of invisibility
 C - 6 potions of heal wounds
 D - 2 potions of agility
 K - a potion of cancellation
Comestibles
 f - 19 rations


   Skills:
 + Level 10.3 Fighting
 + Level 16.0 Axes
 + Level 10.3 Armour
 - Level 2.6 Dodging
 - Level 1.2 Stealth
 + Level 11.0 Shields
 - Level 0.4 Evocations


You had 11 spell levels left.
You didn't know any spells.
Your spell library contained the following spells:

 Spells                   Type           Power        Failure   Level  Hunger
 Magic Dart               Conj           #...         67%         1    ##.....
 Sandblast                Erth           #.....       67%         1    ##.....
 Blink                    Tloc           N/A          82%         2    ###....
 Call Imp                 Summ           #.......     82%         2    ###....
 Passwall                 Tmut/Erth      #.......     82%         2    ###....
 Slow                     Hex            #.......     82%         2    ###....
 Conjure Flame            Conj/Fire      #.......     96%         3    ####...
 Mephitic Cloud           Conj/Pois/Air  #.......     96%         3    ####...
 Stone Arrow              Conj/Erth      #.....       96%         3    ####...
 Cause Fear               Hex            #.........   100%        4    #####..
 Petrify                  Tmut/Erth      #.......     100%        4    #####..
 Lee's Rapid Deconstruct  Erth           #.........   100%        5    ######.
 Silence                  Hex/Air        #.........   100%        5    ######.
 Yara's Violent Unravell  Hex/Tmut       #.........   100%        5    ######.
 Deflect Missiles         Chrm/Air       #.........   100%        6    #######
 Discord                  Hex            #.........   100%        8    #######


Dungeon Overview and Level Annotations

Branches:
Dungeon (13/15)            Temple (1/1) D:4            Lair (1/6) D:8
    Orc (0/2) D:12
 Vaults: D:13-14

Altars:
Ashenzari
Cheibriados
Dithmenos
Elyvilon
Fedhas
Gozag
Hepliaklqana
Kikubaaqudgha
Makhleb
Nemelex Xobeh
Okawaru
Qazlal
Ru
Sif Muna
Trog
Uskayaw
Vehumet
Wu Jian
Xom
Yredelemnul
Zin
The Shining One

Shops:
D:6 [


Message History

The meliai calls down the wrath of its god upon you.
Something smites you! The meliai hits you but does no damage.
The meliai barely misses you.
The meliai invokes the aid of its god against you.
Something smites you! The meliai hits you but does no damage.
The meliai stings you but does no damage.
The meliai mumbles some strange prayers to its god against you.
Something smites you!
The meliai invokes the aid of its god against you.
Something smites you!
* * * LOW HITPOINT WARNING * * *
The meliai invokes the aid of its god against you.
Something smites you!
* * * LOW HITPOINT WARNING * * *
The meliai hits you but does no damage.
The meliai stings you but does no damage.
The meliai calls down the wrath of its god upon you.
Something smites you!
You die...
Your body glows slightly and disappears.

#.. ..#.. #.# #.#.# #.#
#.#.# #.# #>#.# ## #.#
#.#.####.... #.#
##.........#
...#.#####.###.#)=)####..
....yu.yy..##.###<.#
.....###..@..## ##.#
.....(........###.## #
.####.####..#..# #.#
#.#.#.. ..# #.#.#.# ####
#.#.#.# #.#.#.#
#.#.#.###### #.#......(.#


You could see a brown ugly thing and 3 meliai.

Vanquished Creatures
  Harold (D:8)
  Erica (D:8)
  A centaur warrior (D:13)
  An orc knight (Bailey)
  Pikel (D:7)
  A deep elf mage (D:11)
  2 ugly things (D:12)
  A cyclops (D:11)
  An eye of devastation (D:12)
  Joseph (D:8)
  Psyche (D:8)
  A komodo dragon (Lair:1)
  A rime drake (shapeshifter) (D:9)
  A troll (D:10)
  A tyrant leech (D:11)
  Prince Ribbit (D:7)
  3 hippogriffs
  A shadow (D:12)
  A wyvern (D:12)
  A wraith (D:12)
  4 hogs (D:9)
  A human (D:9)
  12 yaks
  A basilisk (shapeshifter) (D:11)
  3 hungry ghosts
  A steam dragon (D:9)
  Menkaure (D:4)
  Edmund (D:4)
  Duvessa (D:4)
  10 orc warriors
  A swamp drake (D:11)
  4 sky beasts
  An eye of draining (D:12)
  11 ogres
  A phantom (D:6)
  A necrophage (D:8)
  3 centaurs (D:13)
  A crocodile (Lair:1)
  2 elf zombies (Ossuary)
  9 bullfrogs
  Dowan (D:4)
  2 scorpions
  6 killer bees (D:11)
  20 wights
  2 howler monkeys
  6 centaur zombies
  6 crimson imps
  A bullfrog zombie (D:5)
  4 centaur skeletons
  5 orc priests
  7 hounds
  A bullfrog skeleton (D:8)
  Crazy Yiuf (D:7)
  3 jellies
  19 orc wizards
  2 iron imps
  4 iguanas
  Natasha (thrice) (D:4)
  12 worker ants
  4 big kobold zombies (Ossuary)
  A hound zombie (Ossuary)
  2 hound skeletons
  3 mummies (Ossuary)
  4 gnolls
  9 adders
  A river rat (D:12)
  8 shadow imps
  A white imp (D:11)
  2 oozes
  5 adder zombies
  An adder skeleton (D:5)
  2 worms
  5 dart slugs
  6 leopard geckos
  50 orcs
  A ball python (D:1)
  10 giant cockroaches
  3 goblins
  13 hobgoblins
  6 quokkas
  2 bats
  4 frilled lizards
  A gnoll zombie (Ossuary)
  2 goblin zombies (Ossuary)
  2 hobgoblin zombies (Ossuary)
  A jackal skeleton (D:9)
  A jackal zombie (Ossuary)
  4 kobolds
  3 kobold zombies (Ossuary)
  A leopard gecko skeleton (D:7)
  7 quokka zombies
  13 rats
  4 rat zombies (Ossuary)
379 creatures vanquished.

Vanquished Creatures (others)
  A slave (D:7)
  A wight (D:12)
  An iguana (D:7)
  An orc (D:11)
  5 toadstools (D:1)
9 creatures vanquished.

Grand Total: 388 creatures vanquished

Notes
Turn   | Place    | Note
-------+----------+-------------------------------------------
     0 | D:1      | GGGomer the Hill Orc Fighter began the quest for the Orb.
     0 | D:1      | Reached XP level 1. HP: 19/19 MP: 1/1
   115 | D:1      | Reached XP level 2. HP: 23/27 MP: 2/2
   184 | D:1      | Reached skill level 3 in Axes
   363 | D:1      | Reached XP level 3. HP: 28/33 MP: 3/3
   952 | D:2      | Found a shadowy altar of Dithmenos.
  1369 | D:2      | Found a glowing golden altar of the Shining One.
  1371 | D:2      | Found a sacrificial altar of Ru.
  1372 | D:2      | Found a bloodstained altar of Trog.
  1386 | D:2      | Reached XP level 4. HP: 40/40 MP: 4/4
  1472 | D:2      | Reached skill level 4 in Axes
  2091 | D:3      | Reached XP level 5. HP: 46/46 MP: 5/5
  2491 | D:4      | Noticed an ogre
  2501 | D:4      | HP: 2/46 [ogre/cursed -2 giant club (16)]
  2504 | D:4      | Killed an ogre
  2504 | D:4      | Reached skill level 5 in Axes
  2816 | D:4      | Found a staircase to the Ecumenical Temple.
  2816 | D:4      | Noticed Dowan
  2845 | D:4      | Reached XP level 6. HP: 42/52 MP: 6/6
  2848 | D:4      | Killed Dowan
  2882 | D:4      | Noticed Edmund
  2899 | D:4      | Reached skill level 6 in Axes
  3065 | D:4      | Killed Edmund
  3065 | D:4      | Reached skill level 5 in Armour
  3145 | D:4      | Noticed Duvessa
  3285 | D:4      | Reached XP level 7. HP: 60/60 MP: 7/7
  3620 | D:4      | Reached skill level 7 in Axes
  4199 | D:4      | Killed Duvessa
  4199 | D:4      | Reached skill level 5 in Fighting
  4277 | D:4      | Reached skill level 5 in Shields
  4321 | D:4      | Reached XP level 8. HP: 56/68 MP: 8/8
  4390 | D:4      | Noticed Natasha
  4400 | D:4      | Noticed Menkaure
  4410 | D:4      | Killed Natasha
  4412 | D:4      | Killed Menkaure
  4412 | D:4      | Reached skill level 8 in Axes
  4938 | D:4      | Noticed Natasha
  4947 | D:4      | Killed Natasha
  4958 | D:4      | Noticed Natasha
  4962 | D:4      | Killed Natasha
  5030 | Temple   | Entered the Ecumenical Temple
  5091 | Temple   | Became a worshipper of Nemelex Xobeh the Trickster
  5116 | D:5      | Entered Level 5 of the Dungeon
  5141 | D:5      | Received a gift from Nemelex Xobeh
  5239 | D:5      | Found a hide-covered altar of Uskayaw.
  5279 | D:5      | Reached skill level 9 in Axes
  5339 | D:5      | Found a white marble altar of Elyvilon.
  5459 | D:5      | Found a deep blue altar of Sif Muna.
  5461 | D:5      | Found an ancient bone altar of Kikubaaqudgha.
  5610 | D:5      | Reached skill level 10 in Axes
  5778 | D:5      | Found a sand-covered staircase.
  5791 | Ossuary  | Entered an ossuary
  5816 | Ossuary  | Reached XP level 9. HP: 74/75 MP: 9/9
  6319 | D:5      | Found a glowing golden altar of the Shining One.
  7054 | D:6      | Reached skill level 11 in Axes
  7202 | D:6      | Found Ehuwas's Armour Emporium.
  7332 | D:6      | Bought a +2 pair of gloves of strength for 301 gold pieces
  7491 | D:6      | Received a gift from Nemelex Xobeh
  7559 | D:6      | Reached * piety under Nemelex Xobeh
  7735 | D:6      | Found a sacrificial altar of Ru.
  7792 | D:6      | Got a bloodstained ring mail
  7861 | D:6      | Identified the cursed +0 ring mail of Defiance {Str+4} (You
                  | found it on level 6 of the Dungeon)
  7929 | D:7      | Noticed Prince Ribbit
  7971 | D:7      | Killed Prince Ribbit
  8080 | D:7      | Found a hazy altar of Hepliaklqana.
  8219 | D:7      | Noticed Pikel
  8232 | D:7      | Killed Pikel
  8232 | D:7      | Reached skill level 12 in Axes
  8232 | D:7      | Reached XP level 10. HP: 86/86 MP: 10/10
  8396 | D:7      | Found a runed translucent door.
  8397 | D:7      | Noticed Crazy Yiuf
  8623 | D:7      | Found a shimmering altar of Xom.
  8623 | D:7      | Found a burning altar of Makhleb.
  8708 | D:7      | Killed Crazy Yiuf
  9147 | D:8      | Reached ** piety under Nemelex Xobeh
  9191 | D:8      | Noticed Psyche
  9197 | D:8      | Noticed Joseph
  9211 | D:8      | Killed Psyche
  9220 | D:8      | Killed Joseph
  9225 | D:8      | Found a staircase to the Lair.
  9245 | D:8      | Reached skill level 13 in Axes
  9275 | D:8      | Found a flagged portal.
  9287 | Bailey   | Entered a bailey
  9543 | Bailey   | Noticed an orc knight
  9910 | Bailey   | Got a distressingly furry cloak
  9921 | Bailey   | Identified the cursed +0 cloak of Servitude {Regen+} (You
                  | found it in a bailey)
  9946 | Bailey   | Killed an orc knight
 10025 | D:8      | Noticed Harold
 10047 | D:8      | Killed Harold
 10047 | D:8      | Reached XP level 11. HP: 89/95 MP: 11/11
 10149 | D:8      | Received a gift from Nemelex Xobeh
 10584 | D:8      | Noticed Erica
 10602 | D:8      | Killed Erica
 10602 | D:8      | Reached skill level 1 in Dodging
 10790 | Lair:1   | Entered Level 1 of the Lair of Beasts
 10817 | Lair:1   | Reached skill level 14 in Axes
 11103 | D:9      | Noticed a two-headed ogre
 11104 | D:9      | Noticed a glowing shapeshifter
 11104 | D:9      | a two-headed ogre changed into a glowing shapeshifter
 11105 | D:9      | a glowing shapeshifter changed into a spiny frog
 11198 | D:9      | Received a gift from Nemelex Xobeh
 11524 | D:9      | Reached skill level 10 in Shields
 11666 | D:10     | Entered Level 10 of the Dungeon
 11678 | D:10     | Reached *** piety under Nemelex Xobeh
 11678 | D:10     | Received a gift from Nemelex Xobeh
 11995 | D:10     | Received a gift from Nemelex Xobeh
 12126 | D:10     | Got a pair of spiked gloves
 12172 | D:10     | Received a gift from Nemelex Xobeh
 12239 | D:10     | Reached **** piety under Nemelex Xobeh
 12466 | D:11     | Reached skill level 15 in Axes
 12485 | D:11     | You fall through a shaft!
 12503 | D:12     | Received a gift from Nemelex Xobeh
 12514 | D:12     | Noticed a two-headed ogre
 12526 | D:12     | Reached XP level 12. HP: 73/106 MP: 12/12
 12548 | D:12     | a two-headed ogre changed into an eye of devastation
 12909 | D:11     | Received a gift from Nemelex Xobeh
 12991 | D:11     | Reached ***** piety under Nemelex Xobeh
 13115 | D:11     | Reached skill level 1 in Stealth
 13156 | D:11     | Received a gift from Nemelex Xobeh
 13389 | D:11     | Noticed a six-headed hydra
 13393 | D:11     | a six-headed hydra changed into a tyrant leech
 13598 | D:11     | Noticed a sun demon
 13768 | D:11     | Reached skill level 10 in Fighting
 13768 | D:11     | Reached skill level 10 in Armour
 13787 | D:11     | HP: 5/106 [poisoned by a redback]
 13792 | D:11     | HP: 4/106 [poisoned by a redback]
 13798 | D:11     | HP: 4/106 [poisoned by a redback]
 13805 | D:11     | HP: 5/106 [poisoned by a redback]
 14802 | D:12     | Received a gift from Nemelex Xobeh
 14811 | D:12     | Found a staircase to the Orcish Mines.
 15193 | D:12     | Received a gift from Nemelex Xobeh
 15560 | D:12     | Identified the cursed +0 pair of gloves of Unreason {+Inv}
                  | (You found it on level 10 of the Dungeon)
 15631 | D:13     | Noticed a centaur warrior
 15637 | D:13     | Killed a centaur warrior
 15637 | D:13     | Reached skill level 16 in Axes
 15701 | D:13     | Killed from afar by a meliai

Skill      XL: |  1  2  3  4  5  6  7  8  9 10 11 12 |
---------------+-------------------------------------+-----
Axes           | 3 4 5 6 7 10 12 13 15 16 | 16.0
Fighting       | 4 5 6 7 8 9 10 | 10.3
Armour         | 4 5 6 8 9 10 | 10.3
Shields        | 4 5 7 9 10 11 | 11.0
Dodging        | 2 |  2.6
Stealth        | 1 |  1.2
Evocations     | |  0.4

Action                   |  1- 3 |  4- 6 |  7- 9 | 10-12 || total
-------------------------+-------+-------+-------+-------++-------
Melee: War axe           |   102 |   107 |   579 |   760 ||  1548
       Battleaxe         |       |       |       |    17 ||    17
 Abil: Draw Destruction  |       |       |     4 |    25 ||    29
       Draw Escape       |       |       |       |     3 ||     3
Evoke: Wand              |       |       |       |     5 ||     5
  Use: Scroll            |     3 |     5 |     5 |    14 ||    27
       Potion            |       |       |     3 |     3 ||     6
  Eat: Chunk             |     1 |     1 |     2 |     7 ||    11
       Ration            |       |     2 |     4 |     6 ||    12
Armor: Scale mail        |    31 |       |       |       ||    31
       Plate armour      |    17 |    82 |   317 |   109 ||   525
       Ice dragon scales |       |       |       |   300 ||   300
Dodge: Dodged            |    26 |    15 |    60 |   206 ||   307
Block: Shield            |    49 |    57 |   240 |   412 ||   758
